 Dungeon Crawl Stone Soup version 0.21.1-1-g345015fe64 (webtiles) character file.

12737 KarvaRausku the Cleaver (level 11, -6/94 HPs)
             Began as a Minotaur Gladiator on July 15, 2018.
             Was a High Priest of Okawaru.
             Mangled by an orc knight
             ... wielding a +0 glaive
              (36 damage)
             ... in a bailey.
             The game lasted 00:33:18 (8277 turns).

KarvaRausku the Cleaver (Minotaur Gladiator)        Turns: 8277, Time: 00:33:18

Health: -6/94      AC: 19    Str: 21    XL:     11   Next: 66%
Magic:  10/10      EV:  7    Int: 15    God:    Okawaru [*****.]
Gold:   682        SH: 12    Dex: 12    Spells: 10/10 levels left

rFire    + . .     SeeInvis .   I - +5 hand axe of Desperation {drain, rF+ Int+7}
rCold    . . .     Gourm    .   x - +2 shield
rNeg     . . .     Faith    .   y - +1 shadow dragon scales
rPois    .         Spirit   .   c - +0 hat
rElec    .         Reflect  .   j - +0 cloak
rCorr    .         Harm     .   r - +0 pair of gloves
MR       +....                  (no boots)
Stlth    ++........             w - amulet of regeneration
HPRegen  0.65/turn              n - +2 ring of intelligence
MPRegen  0.12/turn              u - ring of protection from magic

@: drained
A: retaliatory headbutt, hooves 1, horns 2, frail 1, mutation resistance 1
a: Heroism, Finesse, Renounce Religion


You were in a bailey.
You worshipped Okawaru.
Okawaru was extremely pleased with you.
You were hungry.

You visited 1 branch of the dungeon, and saw 11 of its levels.
You also visited: Bailey.

You collected 682 gold pieces.

Inventory:

Hand Weapons
 D - the cursed +0 hand crossbow "Weeg" {flame, rPois, unknown}
   (You found it on level 6 of the Dungeon)

   It causes projectiles fired from it to burn those they strike, causing extra
   injury to most foes and up to half again as much damage against particularly
   susceptible opponents.
   It protects you from poison.
   It has a curse placed upon it.
 I - the +5 hand axe of Desperation (weapon) {drain, rF+ Int+7}
   (You found it on level 8 of the Dungeon)

   A truly terrible weapon, it drains the life of those it strikes.
   It affects your intelligence (+7).
   It protects you from fire.
Missiles
 d - 3 throwing nets (quivered)
Armour
 c - a +0 hat (worn)
 j - a +0 cloak (worn)
 q - the cursed +1 leather armour of the Moon {rCorr Str+2, unknown}
   (You found it on level 11 of the Dungeon)

   It affects your strength (+2).
   It protects you from acid and corrosion.
   It has a curse placed upon it.
 r - a +0 pair of gloves (worn)
 x - a +2 shield (worn)
 y - +1 shadow dragon scales (worn)
 A - a +0 pair of boots
Magical Staves
 o - an uncursed staff of energy {unknown}
Jewellery
 n - a +2 ring of intelligence (left hand)
 u - a ring of protection from magic (right hand)
 w - an amulet of regeneration (around neck)
Wands
 b - a wand of enslavement (8)
 k - a wand of iceblast (17)
 s - a wand of flame (78)
Scrolls
 e - a scroll of blinking
 h - 5 scrolls of teleportation
 l - a scroll of fog
 t - 2 scrolls of fear
 v - 5 scrolls of identify
 B - a scroll of enchant weapon {unknown}
 E - 3 scrolls of remove curse
 F - a scroll of amnesia
 G - a scroll of acquirement {unknown}
 M - 2 scrolls of vulnerability {unknown}
Potions
 a - a potion of berserk rage
 g - 9 potions of curing
 i - a potion of mutation
 z - 2 potions of cancellation {unknown}
 C - a potion of flight
 J - a potion of haste {unknown}
 N - a potion of ambrosia {unknown}
Books
 p - a book of Necromancy

   Spells                             Type                      Level
   a - Pain                           Necromancy                   1
   b - Animate Skeleton               Necromancy                   1
   c - Vampiric Draining              Necromancy                   3
   d - Regeneration                   Charms/Necromancy            3
   e - Animate Dead                   Necromancy                   4
   f - Borgnjor's Vile Clutch         Necromancy/Earth             5
Miscellaneous
 m - a fan of gales (inert)
Comestibles
 f - 27 rations
 H - 3 chunks of flesh


   Skills:
 + Level 12.6(12.5) Fighting
 + Level 12.8(12.7) Axes
 - Level 2.0(1.9) Throwing
 + Level 12.3(12.2) Armour
 - Level 3.2 Dodging
 + Level 4.8(4.7) Shields


You had 10 spell levels left.
You didn't know any spells.

Dungeon Overview and Level Annotations

Branches:
Dungeon (11/15)            Temple (0/1) D:4            Lair (0/6) D:8
    Orc: D:9-12

Altars:
Makhleb
Nemelex Xobeh
Okawaru
Qazlal
Ru
Sif Muna
Trog
Uskayaw
Xom
Zin

Shops:
D:11 =

Annotations:
D:3 1 runed door


Innate Abilities, Weirdness & Mutations

You reflexively headbutt those who attack you in melee.
You have a pair of horns on your head.
You have large cloven feet.
You are frail. (-10% HP)
You are somewhat resistant to further mutation.


Message History

Your orc knight barely misses the orc warrior.
An orc knight comes into view. It is wielding a glaive.
You block the orc knight's attack.
The orc warrior hits you from afar with a halberd.
Your orc knight hits the orc warrior from afar with a halberd!
The orc warrior dies!
Okawaru accepts your kill.
The orc knight hits you from afar with a glaive!!
The orc knight roars a battlecry!
The orc knight goes into a battle-frenzy!
You open the door.
Your orc knight hits the orc knight but does no damage.
The orc knight hits you from afar with a glaive!
Your orc knight barely misses the orc knight.
The orc knight barely misses you. You furiously retaliate!
You headbutt the orc knight!
There is an open door here.
Your orc knight closely misses the orc knight.
The orc knight hits you from afar with a glaive!!!
You die...

########### ##.........##
##..≈≈≈≈≈≈≈..## ##..≈≈.....≈≈..##
#########..≈≈..###..≈≈..#########
..........≈≈..##.##..≈≈..........
.≈≈≈≈≈≈≈≈≈≈..##.∩.##..≈≈≈≈≈≈≈≈≈≈.
.≈)o))......##..@..##.......)))≈.
.≈o#############'###'#########)≈.
.≈.## #...o.....# ##.≈. .≈..##
#§§§≈≈≈≈≈≈..# ##))≈. .≈≈..##
.§§§§oo.)≈≈o.# ##..≈≈. #.≈≈..#
.≈§§§⌠o⌠..≈§..# #..≈≈.∩ ∩.≈≈..#
..≈≈...⌠...≈≈..#+#..≈≈.# .≈≈..##
#..≈§)§...≈≈..##.##..≈≈. .≈..##
#..≈≈§≈≈≈≈..#'...##..≈.


You could see 3 orc knights and a friendly orc knight.

Vanquished Creatures
  The ghost of Destragon the Cleaver, a journeyman MiFi of Trog (D:9)
  4 two-headed ogres
  Pikel (D:5)
  A manticore (D:11)
  Joseph (D:10)
  A troll (D:10)
  A hippogriff (D:10)
  4 wyverns
  2 wraiths
  5 yaks (D:11)
  A basilisk (D:8)
  Menkaure (D:6)
  An acid dragon (D:8)
  2 soldier ants (D:8)
  4 orc warriors
  2 black bears (D:6)
  4 ice beasts
  8 ogres
  5 sky beasts
  A phantom (D:11)
  7 centaurs
  2 crocodiles (D:8)
  A big kobold (D:9)
  3 bullfrogs
  A gnoll sergeant (D:6)
  3 jellies
  A scorpion (D:4)
  4 killer bees (D:8)
  9 wights
  A quasit (D:5)
  A centaur zombie (D:6)
  5 crimson imps
  5 bullfrog skeletons
  7 orc priests
  13 orc wizards
  A centaur skeleton (D:4)
  7 hounds
  Terence (D:2)
  4 iguanas
  6 worker ants
  A hound skeleton (D:5)
  3 hound zombies
  A worker ant zombie (D:8)
  5 adders
  5 gnolls (D:6)
  A howler monkey skeleton (D:9)
  An ooze (D:3)
  2 adder skeletons
  2 adder zombies
  3 worms
  4 dart slugs
  5 leopard geckos
  68 orcs
  4 giant cockroaches
  8 goblins
  4 hobgoblins
  2 quokkas
  2 ball pythons (D:1)
  5 bats
  6 frilled lizards
  A jackal zombie (D:6)
  12 kobolds
  A leopard gecko zombie (D:5)
  A quokka skeleton (D:7)
  3 rats (D:1)
282 creatures vanquished.

Vanquished Creatures (collateral kills)
  2 orc warriors (Bailey)
2 creatures vanquished.

Grand Total: 284 creatures vanquished

Notes
Turn   | Place    | Note
-------+----------+-------------------------------------------
     0 | D:1      | KarvaRausku the Minotaur Gladiator began the quest for the Orb.
     0 | D:1      | Reached XP level 1. HP: 18/18 MP: 0/0
   200 | D:1      | Reached skill level 1 in Armour
   240 | D:1      | Reached XP level 2. HP: 24/25 MP: 1/1
   770 | D:2      | Noticed Terence
   778 | D:2      | Killed Terence
   778 | D:2      | Reached XP level 3. HP: 27/31 MP: 2/2
   947 | D:2      | Reached XP level 4. HP: 37/39 MP: 3/3
  1031 | D:2      | Found a sparkling altar of Nemelex Xobeh.
  1298 | D:2      | Found a hide-covered altar of Uskayaw.
  1299 | D:2      | Found a shimmering altar of Xom.
  1656 | D:3      | Noticed a sky beast
  1687 | D:3      | Killed a sky beast
  1687 | D:3      | Reached skill level 5 in Axes
  1687 | D:3      | Reached XP level 5. HP: 27/47 MP: 4/4
  2005 | D:3      | Found a runed door.
  2110 | D:4      | Reached XP level 6. HP: 48/55 MP: 5/5
  2112 | D:4      | Found a staircase to the Ecumenical Temple.
  2126 | D:4      | Found a stormy altar of Qazlal.
  2131 | D:4      | Reached skill level 5 in Fighting
  2247 | D:4      | Found a sacrificial altar of Ru.
  2390 | D:4      | Reached XP level 7. HP: 61/61 MP: 6/6
  2393 | D:4      | Reached skill level 5 in Armour
  2504 | D:5      | Entered Level 5 of the Dungeon
  2690 | D:5      | Noticed Pikel
  2741 | D:5      | Killed Pikel
  2741 | D:5      | Reached XP level 8. HP: 62/73 MP: 7/7
  2927 | D:5      | Found a deep blue altar of Sif Muna.
  3492 | D:6      | Noticed Menkaure
  3499 | D:6      | Killed Menkaure
  3641 | D:6      | Got a warped hand crossbow
  3661 | D:6      | Reached XP level 9. HP: 79/82 MP: 8/8
  3800 | D:6      | Noticed a two-headed ogre
  3812 | D:6      | Killed a two-headed ogre
  4081 | D:6      | Reached skill level 10 in Axes
  4115 | D:6      | Found a burning altar of Makhleb.
  4118 | D:6      | Found a glowing silver altar of Zin.
  4119 | D:6      | Noticed an angel
  4119 | D:6      | Noticed a balrug
  4191 | D:6      | Found an iron altar of Okawaru.
  4191 | D:6      | Found a bloodstained altar of Trog.
  4208 | D:6      | Became a worshipper of Warmaster Okawaru
  4416 | D:6      | Gained mutation: You have large cloven feet. [potion of mutation]
  4416 | D:6      | Gained mutation: You are frail. (-10% HP) [potion of mutation]
  4416 | D:6      | Gained mutation: You are somewhat resistant to further mutation. [potion of mutation]
  4670 | D:7      | Reached skill level 10 in Fighting
  5162 | D:8      | Reached * piety under Okawaru
  5199 | D:8      | Noticed a two-headed ogre
  5335 | D:7      | Reached XP level 10. HP: 55/83 MP: 9/9
  5341 | D:7      | Killed a two-headed ogre
  5341 | D:7      | Reached skill level 10 in Armour
  5697 | D:8      | Got a transparent hand axe
  5698 | D:8      | Identified the +5 hand axe of Desperation {drain, rF+ Int+7} (You found it on level 8 of the Dungeon)
  5843 | D:8      | Reached ** piety under Okawaru
  6237 | D:8      | Reached *** piety under Okawaru
  6256 | D:8      | Found a staircase to the Lair.
  6391 | D:9      | Noticed Destragon's ghost (journeyman MiFi)
  6432 | D:9      | Killed Destragon's ghost
  6570 | D:9      | Reached XP level 11. HP: 93/93 MP: 10/10
  6680 | D:9      | Noticed a two-headed ogre
  6688 | D:9      | Killed a two-headed ogre
  6688 | D:9      | Received a gift from Okawaru
  6688 | D:9      | Reached skill level 1 in Shields
  6937 | D:10     | Entered Level 10 of the Dungeon
  7272 | D:10     | Reached **** piety under Okawaru
  7562 | D:10     | Noticed a two-headed ogre
  7573 | D:10     | Killed a two-headed ogre
  7758 | D:10     | Noticed Joseph
  7770 | D:10     | Killed Joseph
  7916 | D:11     | Found Yciriop's Jewellery Boutique.
  7984 | D:11     | Reached ***** piety under Okawaru
  8016 | D:11     | Got an ancient leather armour
  8086 | D:11     | Found a flagged portal.
  8094 | Bailey   | Entered a bailey
  8264 | Bailey   | Noticed an orc knight
  8264 | Bailey   | Noticed an orc knight
  8265 | Bailey   | Noticed an orc knight
  8273 | Bailey   | Noticed an orc knight
  8277 | Bailey   | Mangled by an orc knight

Skill      XL: |  1  2  3  4  5  6  7  8  9 10 11 |
---------------+----------------------------------+-----
Armour         | 1 2 3 4 6 7 9 11 12 | 12.3
Axes           | 4 5 6 7 8 10 12 | 12.8
Fighting       | 3 4 5 7 8 10 11 12 | 12.6
Shields        | 4 |  4.8
Throwing       | |  2.0
Dodging        | |  3.2

Action                   |  1- 3 |  4- 6 |  7- 9 | 10-12 || total
-------------------------+-------+-------+-------+-------++-------
Melee: War axe           |    72 |   169 |   315 |    26 ||   582
       Headbutt          |     6 |    23 |    63 |    84 ||   176
       Kick              |       |       |    17 |   122 ||   139
       Hand axe          |       |       |       |   383 ||   383
Evoke: Wand              |       |       |       |    22 ||    22
       Fan of gales      |       |       |       |     1 ||     1
  Use: Potion            |     2 |     1 |     2 |     5 ||    10
       Scroll            |       |     4 |     4 |     1 ||     9
 Stab: Sleeping          |       |       |     5 |     8 ||    13
  Eat: Chunk             |       |     5 |     6 |    10 ||    21
       Ration            |       |       |     1 |       ||     1
Armor: Leather armour    |     2 |       |       |       ||     2
       Plate armour      |    50 |   142 |    20 |       ||   212
       Shadow dragon sca |       |       |   182 |   165 ||   347
Dodge: Dodged            |    21 |    96 |    66 |    78 ||   261
Block: Shield            |       |       |   150 |   185 ||   335
